woodfighter, chaotic female elven Rogue ------ ----- |....| |...| |.``%----.`.| |.`..*(.....| |..--->---..| |---------%--- |..^^^<|.)@..| |(.----|`i`..| --^| |.`...| |^-----.`...| |..^^^^`.`..| |..---------- ---- woodfighter the Rogue Experience level: 6 Strength: 16 Dexterity: 19 Constitution: 12 Intelligence: 8 Wisdom: 12 Charisma: 12 Health: 0(41) Energy: 35(35) Def: 4 Gold: 0 Moves: 3478 Dungeon seed: ZvonFmGN9B7-sWrV Game ID: woodfighter_1515101960 Your Inventory: Weapons a - a +0 elven short sword (weapon in hand) b - 14 +0 elven daggers (in quiver) Armor e - an uncursed +1 leather armor (being worn) n - an uncursed +0 orcish helm (being worn) z - an uncursed +0 orcish helm Comestibles q - 5 uncursed food rations r - an uncursed sprig of wolfsbane Tools g - an uncursed blindfold j - an uncursed magic whistle y - an uncursed lock pick Spells and supernatural/magical abilities: Name Level Category Fail Memory W - pray for help -- divine ? -- Your skills at the end: Miscellaneous Skills wands [Basic] Weapon Skills dagger [Basic] short sword [Basic] Spellcasting Skills Final Attributes: You were devoutly aligned. You were sleep resistant. You were telepathic. You had infravision. You were very stealthy. You are dead. Vanquished creatures: a large mimic 2 giant beetles a raven an ape 2 baby crocodiles a shrieker a paper golem 10 giant ants a puppy a floating eye 2 kittens a homunculus a jitterbug 2 coyotes 2 acid blobs a large kobold 2 geckos a hobgoblin a giant rat a yellow mold a gnome 4 garter snakes 6 manes a gnome zombie 3 foxes a kobold 10 newts 2 goblins 3 grid bugs 2 bats 4 lichens 72 creatures vanquished. Voluntary challenges: You did not adorn yourself with jewelry or accessories. You did not cause conflict. You were not invisible. You did not have reflection. You were not displaced. You had been an atheist until turn 1881. You used a wielded weapon 124 times, starting on turn 32. You did not apply a unicorn horn. You did not use plumbed fixtures. You did not drink any magical draughts. You read items or engraved 2 times, starting on turn 1649. You never genocided any monsters. You never polymorphed an object. You never changed form. You used no wishes. You never split a pudding. You never wrote Elbereth's name. You violated your moral code, losing 5 points of alignment, starting on turn 945. Dungeon overview: The Dungeons of Doom: levels 1 to 8 Level 1 a long staircase Level 2 a sink Level 3 a fountain stairs to The Gnomish Mines Level 4 (vault) an altar to Kos, some fountains Level 5 a sink Level 6 many fountains Level 7 (vault) a scroll shop stairs to Sokoban Level 8 The Gnomish Mines: Level 4 stairs to The Dungeons of Doom Sokoban: Level 6 <- You were here a magic chest stairs to The Dungeons of Doom History has recorded: On T:1 you entered the Dungeons of Doom to retrieve the Amulet of Yendor! On T:72 you reached level 2 of The Dungeons of Doom. On T:452 you reached level 3 of The Dungeons of Doom. On T:470 you advanced to experience level 2. On T:845 you advanced to experience level 3. On T:945 you advanced to experience level 4. On T:1064 you reached level 1 of The Gnomish Mines. On T:1123 you reached level 4 of The Dungeons of Doom. On T:1182 you reached level 6 of The Dungeons of Doom. On T:1408 you reached level 5 of The Dungeons of Doom. On T:1409 you advanced to experience level 5. On T:2443 you reached level 7 of The Dungeons of Doom. On T:2590 you reached level 8 of The Dungeons of Doom. On T:2722 you reached level 4 of Sokoban. On T:2740 you advanced to experience level 6. On T:3188 you prayed to Kos. On T:3478 you prayed to Kos. Score breakdown: Gold: 0 ( 0 points) Experience: 6 levels ( 500 points) Exploration: 8 levels ( 210 points) Discoveries: 4 items ( 200 points) Variety of kills: 31 monsters ( 1550 points) Major goal: (nothing yet) ( 0 points) Survival: died (score multiplied by 3) Total score: 7380 Latest messages: You see here an uncursed sack. With great effort you move the boulder. You see here a yellow gem. With great effort you move the boulder. You see here a yellow gem. You see here an uncursed sack. You destroy the manes! You see here a food ration. q - an uncursed food ration. b - a +0 elven dagger (in quiver). With great effort you move the boulder. You see here a pancake. With great effort you move the boulder. You stab the imp. The imp claws you! You are beginning to feel hungry. You stab the imp! The imp misses. You stab the imp. The imp claws you! You stab the imp. The imp claws you! You begin praying to Kos. The imp claws you! You die... Final status: Goodbye woodfighter the Rogue, killed by an imp, while praying... You died in Sokoban on dungeon level 6 with 7380 points, and 0 pieces of gold, after 3478 moves. You were level 6 with a maximum of 41 hit points when you died.